 Dungeon Crawl Stone Soup version 0.22-a0-419-g492bfec (webtiles) character file.

6313 iamserjio the Spear-Bearer (level 10, -7/79 HPs)
             Began as a Merfolk Gladiator on May 15, 2018.
             Was a Follower of Fedhas.
             Mangled by a two-headed ogre
             ... wielding a +0 giant spiked club
              (23 damage)
             ... on level 9 of the Dungeon.
             The game lasted 00:35:29 (12962 turns).

iamserjio the Spear-Bearer (Merfolk Gladiator)     Turns: 12962, Time: 00:35:31

Health: -7/79      AC:  8    Str: 18    XL:     10   Next: 95%
Magic:  10/10      EV: 14    Int: 10    God:    Fedhas [*.....]
Gold:   411        SH:  8    Dex: 15    Spells: 9/9 levels left

rFire    + . .     SeeInvis .   J - +2 spear (pierce)
rCold    . . .     Gourm    .   I - +0 shield
rNeg     . . .     Faith    .   e - +0 scale mail
rPois    .         Spirit   .   c - +0 helmet
rElec    .         Reflect  .   (no cloak)
rCorr    .         Harm     .   p - +0 pair of gloves
MR       .....                  (no boots)
Stlth    ..........             (no amulet)
HPRegen  0.23/turn              x - +2 ring of intelligence
MPRegen  0.12/turn              H - ring of protection from fire

@: no status effects
A: change form in water, swift swim, stealthy swim
a: Fungal Bloom, Evolution, Renounce Religion


You were on level 9 of the Dungeon.
You worshipped Fedhas.
Fedhas was aware of your devotion.
You were not hungry.

You visited 2 branches of the dungeon, and saw 10 of its levels.
You also visited: Ossuary.

You collected 411 gold pieces.

Inventory:

Hand Weapons
 a - a +0 trident
 u - a +0 spear
 A - a +0 spear of distortion
 J - a +2 spear of piercing (weapon)
 N - a +4 battleaxe of distortion
Missiles
 d - 3 throwing nets
 v - 326 stones
 L - 15 tomahawks (quivered)
Armour
 b - a +0 leather armour
 c - a +0 helmet (worn)
 e - a +0 scale mail (worn)
 p - a +0 pair of gloves (worn)
 C - a +2 robe of positive energy
 I - a +0 shield (worn)
 K - a +0 ring mail
 Q - a +0 buckler
Jewellery
 x - a +2 ring of intelligence (left hand)
 H - a ring of protection from fire (right hand)
Wands
 O - a wand of random effects (17)
 S - a wand of polymorph (6)
Scrolls
 g - 4 scrolls of amnesia
 h - a scroll of magic mapping
 j - 3 scrolls of enchant armour {unknown}
 k - 2 scrolls of blinking
 m - 7 scrolls of teleportation
 n - 3 scrolls of fog {unknown}
 q - 2 scrolls of enchant weapon
 s - 3 scrolls of remove curse
 y - a scroll of random uselessness {unknown}
 D - a scroll of noise {unknown}
 E - 3 scrolls of fear {unknown}
 T - a scroll of immolation {unknown}
Potions
 i - 6 potions of curing
 l - 3 potions of degeneration {unknown}
 o - a potion of might {unknown}
 r - 2 potions of ambrosia {unknown}
 t - 2 potions of resistance {unknown}
 w - a potion of brilliance {unknown}
 z - 3 potions of haste {unknown}
 B - 3 potions of magic {unknown}
 F - 2 potions of lignification {unknown}
 G - 2 potions of flight {unknown}
 M - a potion of cancellation {unknown}
 P - a potion of invisibility {unknown}
 R - a potion of heal wounds {unknown}
 V - a potion of agility {unknown}
Comestibles
 f - 18 rations


   Skills:
 * Level 7.5 Fighting
 + Level 14.6 Polearms
 + Level 4.8 Throwing
 + Level 12.4 Dodging
 + Level 1.3 Shields


You had 9 spell levels left.
You didn't know any spells.
Your spell library contained the following spells:

 Spells                   Type           Power        Failure   Level  Hunger
 Stone Arrow              Conj/Erth      #.....       100%        3    ####...
 Passwall                 Tmut/Erth      #.........   100%        2    ###....
 Lee's Rapid Deconstruct  Erth           #.........   100%        5    ######.
 Sandblast                Erth           #.....       100%        1    ##.....
 Petrify                  Tmut/Erth      #.......     100%        4    #####..


Dungeon Overview and Level Annotations

Branches:
Dungeon (9/15)             Temple (1/1) D:6
   Lair: D:8-11         Orc: D:9-12

Altars:
Ashenzari
Cheibriados
Elyvilon
Fedhas
Gozag
Nemelex Xobeh
Okawaru
Qazlal
Ru
Sif Muna
Trog
Vehumet
Wu Jian
Xom
Yredelemnul
Zin

Annotations:
D:6 1 exclusion
D:9 Joseph


Message History

You hit the two-headed ogre but do no damage.
The two-headed ogre is heavily wounded.
You puncture the two-headed ogre!
The two-headed ogre is severely wounded.
The two-headed ogre misses you. The two-headed ogre barely misses you.
You puncture the two-headed ogre!
The two-headed ogre is severely wounded.
Your shield and scale mail prevent you from hitting the two-headed ogre.
The two-headed ogre is severely wounded.
The two-headed ogre hits you with a giant spiked club!!
The two-headed ogre hits you with a giant club!!
* * * LOW HITPOINT WARNING * * *
You puncture the two-headed ogre!
The two-headed ogre is almost dead.
All of the chunks of flesh in your inventory have rotted away.
You hit the two-headed ogre but do no damage.
The two-headed ogre is almost dead.
The two-headed ogre hits you with a giant spiked club!!
You die...
Fedhas appreciates your contribution to the ecosystem.

#..#
##..#.......####.........
#..###...#...)... ##........
#..##....# #...# ##.#.....
#..#.....# ##.## ##.###### ##
#..#.....# #.#y# #.## .#
#..#.....####.########.# .#
#...#....#...#...#....##
.####..##...#..#O#..#.....##
..###..##...####@####......##
#......####......# #.......##
####...## ##.....# #........#
# ###..## ###..##
#..........# # ##..## ####
##........... ##..##
##............
##..########.............
##......<....#..........
##..........#..........


You could see a two-headed ogre.

Vanquished Creatures
  A two-headed ogre (D:8)
  Sigmund (D:2)
  A human (D:7)
  4 hogs (D:7)
  4 yaks
  A black bear (D:9)
  5 ice beasts
  3 orc warriors
  2 sky beasts (D:8)
  2 phantoms
  4 ogres
  4 centaurs
  Blork the orc (D:6)
  5 bullfrogs
  An elf zombie (Ossuary)
  2 scorpions
  2 howler monkeys
  2 centaur zombies
  3 crimson imps
  3 hounds
  A human zombie (Ossuary)
  A jelly (D:6)
  5 orc priests
  A bullfrog skeleton (D:9)
  A quasit (D:8)
  2 centaur skeletons
  A gnoll shaman (D:6)
  3 iguanas
  3 orc wizards (D:8)
  6 worker ants
  A killer bee zombie (D:6)
  A big kobold zombie (Ossuary)
  3 hound zombies
  3 mummies
  A worker ant zombie (D:5)
  A howler monkey zombie (D:5)
  12 gnolls
  A howler monkey skeleton (D:5)
  9 adders
  5 shadow imps
  2 oozes
  4 adder zombies
  8 worms
  4 leopard geckos
  23 orcs
  5 bats
  3 giant cockroaches
  5 goblins
  11 hobgoblins
  19 jackals
  8 kobolds
  4 quokkas
  2 ball pythons
  2 frilled lizards
  4 goblin zombies
  6 hobgoblin zombies (Ossuary)
  2 jackal zombies (Ossuary)
  11 kobold zombies (Ossuary)
  10 orc zombies
  7 rats
  A rat zombie (Ossuary)
253 creatures vanquished.

Vanquished Creatures (others)
  61 toadstools
61 creatures vanquished.

Grand Total: 314 creatures vanquished

Notes
Turn   | Place    | Note
-------+----------+-------------------------------------------
     0 | D:1      | iamserjio the Merfolk Gladiator began the quest for the Orb.
     0 | D:1      | Reached XP level 1. HP: 16/16 MP: 1/1
    42 | D:1      | Reached XP level 2. HP: 18/22 MP: 2/2
    45 | D:1      | Reached skill level 5 in Polearms
   341 | D:1      | Reached XP level 3. HP: 27/27 MP: 3/3
   671 | D:2      | Noticed Sigmund
   882 | D:2      | Reached skill level 6 in Polearms
  1150 | D:3      | Reached XP level 4. HP: 33/33 MP: 4/4
  1342 | D:3      | Reached skill level 5 in Dodging
  1950 | D:2      | Reached skill level 7 in Polearms
  2431 | D:2      | Reached XP level 5. HP: 22/38 MP: 5/5
  2581 | D:2      | Killed Sigmund
  2581 | D:2      | Reached skill level 8 in Polearms
  2581 | D:2      | Reached XP level 6. HP: 15/44 MP: 6/6
  3633 | D:3      | Found an opulent altar of Gozag.
  3633 | D:3      | Found a stormy altar of Qazlal.
  3644 | D:3      | Found a glowing silver altar of Zin.
  3646 | D:3      | Found an ornate altar of the Wu Jian Council.
  3647 | D:3      | Found a sparkling altar of Nemelex Xobeh.
  3838 | D:3      | Found a bloodstained altar of Trog.
  4156 | D:4      | Reached skill level 9 in Polearms
  4183 | D:4      | Reached XP level 7. HP: 31/50 MP: 7/7
  4446 | D:4      | Reached skill level 10 in Polearms
  5679 | D:5      | Entered Level 5 of the Dungeon
  5699 | D:5      | Reached skill level 11 in Polearms
  5699 | D:5      | Reached XP level 8. HP: 45/56 MP: 8/8
  6908 | D:5      | Reached skill level 12 in Polearms
  7296 | D:6      | Found a sand-covered staircase.
  7311 | Ossuary  | Entered an ossuary
  7691 | D:6      | Found a basalt altar of Yredelemnul.
  7734 | D:6      | Found a white marble altar of Elyvilon.
  7736 | D:6      | Noticed Blork the orc
  7751 | D:6      | Killed Blork the orc
  7883 | D:6      | Reached XP level 9. HP: 31/65 MP: 9/9
  8369 | D:6      | Found a staircase to the Ecumenical Temple.
  8451 | D:6      | Reached skill level 13 in Polearms
  8523 | Temple   | Entered the Ecumenical Temple
  8619 | Temple   | Became a worshipper of Fedhas Madash
  9107 | D:6      | Reached skill level 5 in Fighting
  9363 | D:6      | Reached skill level 10 in Dodging
  9581 | D:6      | Noticed a cyclops
 10399 | D:7      | Reached XP level 10. HP: 67/76 MP: 10/10
 10428 | D:7      | Reached skill level 14 in Polearms
 10549 | D:8      | Noticed a two-headed ogre
 10576 | D:8      | Killed a two-headed ogre
 10673 | D:8      | Reached * piety under Fedhas
 12117 | D:9      | Noticed Joseph
 12693 | D:8      | Reached skill level 1 in Shields
 12940 | D:9      | Noticed a two-headed ogre
 12962 | D:9      | Mangled by a two-headed ogre

Vault maps used:
D:1:      lemuel_arrival_room, minmay_ruptured
D:2:      hangedman_abyss_or_decor_stabs, uniq_sigmund
D:3:      chequers_temple_overflow_minitemple, first_ration, trog_hazing_becter
D:4:      eino_tiny_chamber
D:6:      kennysheep_windowed_halls, kennysheep_ying_yang,
          minmay_temple_entry_junction, nicolae_ossuary_entry_giza,
          uniq_blork_the_orc
D:7:      grunt_livestock
D:9:      wad_rectangle_vault, uniq_joseph
Temple:   regret_index_temple_generic_petals
Ossuary:  ossuary_tomb_1

Skill      XL: |  1  2  3  4  5  6  7  8  9 10 |
---------------+-------------------------------+-----
Polearms       | 5 6 7 8 9 11 12 13 14 | 14.6
Dodging        | 5 6 7 8 10 12 | 12.4
Fighting       | 4 6 7 |  7.5
Throwing       | 3 4 |  4.8
Shields        | 1 |  1.3

Action                   |  1- 3 |  4- 6 |  7- 9 | 10-12 || total
-------------------------+-------+-------+-------+-------++-------
Melee: Trident           |   113 |   249 |   452 |       ||   814
       Tailslap          |       |     1 |       |       ||     1
       Spear             |       |       |   246 |   330 ||   576
Throw: Tomahawk          |       |       |       |     5 ||     5
Invok: Fungal Bloom      |       |       |    10 |    13 ||    23
Evoke: Wand              |       |       |       |     1 ||     1
  Use: Scroll            |     1 |     1 |     5 |       ||     7
 Stab: Sleeping          |       |       |     1 |       ||     1
  Eat: Chunk             |     1 |     9 |    17 |     5 ||    32
       Ration            |       |       |     1 |     1 ||     2
Armor: Scale mail        |    37 |    64 |   109 |    57 ||   267
Dodge: Dodged            |    47 |   133 |   306 |   130 ||   616
Block: Shield            |       |       |       |    28 ||    28

Table legend:
 A = Spawn XP
 B = Non-spawn XP
 C = Spawn XP percentage of total XP
 D = Spawn monster count
 E = Non-spawn monster count
 F = Spawn count percentage of total count
 G = Total turns spent on level
                    A         B        C        D         E        F      G
               +---------+---------+-------+---------+---------+-------+---------
         Total |       0 |    9019 |   0.0 |       0 |     253 |   0.0 | 12962
               +---------+---------+-------+---------+---------+-------+---------
           D:1 |       0 |      39 |   0.0 |       0 |      20 |   0.0 |   599
           D:2 |       0 |     330 |   0.0 |       0 |      19 |   0.0 |  2068
           D:3 |       0 |     138 |   0.0 |       0 |      33 |   0.0 |  1400
           D:4 |       0 |     621 |   0.0 |       0 |      24 |   0.0 |  1612
           D:5 |       0 |     724 |   0.0 |       0 |      18 |   0.0 |  1742
           D:6 |       0 |    1547 |   0.0 |       0 |      33 |   0.0 |  1799
           D:7 |       0 |    1666 |   0.0 |       0 |      21 |   0.0 |   826
           D:8 |       0 |    2697 |   0.0 |       0 |      33 |   0.0 |  2011
           D:9 |       0 |     988 |   0.0 |       0 |      13 |   0.0 |   467
       Ossuary |       0 |     269 |   0.0 |       0 |      39 |   0.0 |   300
               +---------+---------+-------+---------+---------+-------+---------
